 Dungeon Crawl Stone Soup version 0.32-a0-22-g6ae6769602 (webtiles) character file.

Game seed: 17418127386260275373

36491 croobank the Artisan of Death (level 13, -17/70 HPs)
             Began as a Felid Summoner on Jan 18, 2024.
             Was a Priest of Kikubaaqudgha.
             Demolished by a dream sheep (31 damage)
             ... on level 5 of the Lair of Beasts.
             The game lasted 01:15:00 (20337 turns).

croobank the Artisan of Death (Felid Summoner)     Turns: 20337, Time: 01:15:01

Health: -17/70     AC:  3    Str:  4    XL:     13   Next: 53%
Magic:  20/37      EV:  4    Int: 23    God:    Kikubaaqudgha [***...]
Gold:   916        SH:  0    Dex: 18    Spells: 6/32 levels left
                                        Lives:  0   Deaths: 4

rFire   . . .        (weapon unavailable)
rCold   + . .        (shield unavailable)
rNeg    . . .        (body armour unavailable)
rPois   +            (helmet unavailable)
rElec   .            (cloak unavailable)
rCorr   .            (gloves unavailable)
SInv    +            (boots unavailable)
Will    +....        (no amulet)
Stlth   +++++        l - ring of magical power
HPRegen 0.31/turn    B - ring of poison resistance
MPRegen 0.25/turn

%: no passive effects
@: sleeping, animating dead, hasted
A: very small, claws 1, fangs 3, see invisible, shaggy fur 3, stealthy paws, no
weapons or thrown items, no armour, multi-lived
a: Renounce Religion, Unearth Wretches


You were on level 5 of the Lair of Beasts.
You worshipped Kikubaaqudgha.
Kikubaaqudgha was most pleased with you.
You visited 2 branches of the dungeon, and saw 17 of its levels.
You also visited: Sewer.

You collected 2052 gold pieces.
You spent 1136 gold pieces at shops.

Inventory:

Jewellery
 a - a +4 ring of slaying
 c - a ring of fire
 l - a ring of magical power (left paw)
 m - a ring of positive energy
 n - the ring "Meconi Pyost" {rN+ Will+}
   (You bought it in a shop on level 6 of the Dungeon)

   [ring of willpower]

   rN+:       It protects you from negative energy.
   Will+:     It increases your willpower.
 o - a ring of protection from cold
 w - a ring of positive energy
 x - a +6 ring of dexterity
 y - a +6 ring of dexterity
 B - a ring of poison resistance (right paw)
 C - a ring of fire
 I - a ring of fire
Wands
 h - a wand of acid (9)
 p - a wand of flame (3)
 u - a wand of paralysis (11)
 H - a wand of digging (6)
 K - a wand of iceblast (14)
 M - a wand of polymorph (6)
 P - a wand of mindburst (13)
Scrolls
 b - a scroll of immolation
 d - 7 scrolls of identify
 k - 2 scrolls of vulnerability
 q - 4 scrolls of teleportation
 r - 6 scrolls of fear
 s - a scroll of butterflies
 E - 3 scrolls of noise
 J - 2 scrolls of amnesia
 N - a scroll of revelation {unknown}
Potions
 e - a potion of degeneration {unknown}
 f - 2 potions of enlightenment
 g - 2 potions of might
 i - 4 potions of mutation
 j - 2 potions of curing
 t - a potion of cancellation
 v - 4 potions of haste
 z - 2 potions of brilliance
 A - 2 potions of lignification
 D - 2 potions of attraction
 F - 2 potions of ambrosia
Miscellaneous
 G - a phantom mirror


   Skills:
 + Level 8.9 Fighting
 - Level 10.0 Dodging
 - Level 10.0 Stealth
 - Level 10.0 Spellcasting
 - Level 10.0 Summonings
 * Level 10.4 Necromancy
 - Level 5.0 Fire Magic
 - Level 7.0 Air Magic


You had 6 spell levels left.
You knew the following spells:

 Your Spells              Type           Power      Damage    Failure   Level
a - Summon Small Mammal   Summ           100%       N/A       1%          1
b - Call Imp              Summ           100%       N/A       1%          2
c - Call Canine Familiar  Summ           55%        N/A       1%          3
d - Summon Blazeheart Go  Fire/Summ      46%        N/A       2%          4
e - Summon Lightning Spi  Summ/Air       50%        N/A       1%          4
A - Animate Dead          Necr           56%        N/A       1%          4
M - Martyr's Knell        Necr/Summ      55%        N/A       1%          4
N - Anguish               Hex/Necr       17%        N/A       7%          4

Your spell library contained the following spells:

 Spells                   Type           Power      Damage    Failure   Level
 Kiss of Death            Conj/Necr      100%       2d13      1%          1
 Necrotise                Necr           100%       1d9       1%          1
 Shock                    Conj/Air       100%       1d9       1%          1
 Cigotuvi's Dreadful Rot  Necr/Alch/Air  76%        N/A       1%          2
 Fugue of the Fallen      Necr           56%        N/A       1%          3
 Swiftness                Air            43%        N/A       1%          3
 Vampiric Draining        Necr           56%        2d10      1%          3
 Dispel Undead            Necr           56%        3d20      1%          4
 Summon Ice Beast         Ice/Summ       34%        N/A       2%          3
 Curse of Agony           Necr           56%        N/A       2%          5
 Airstrike                Air            21%        2d(4-20)  3%          4
 Apportation              Tloc           22%        N/A       5%          1
 Freeze                   Ice            44%        1d6       5%          1
 Sting                    Conj/Alch      44%        1d5       5%          1
 Mephitic Cloud           Conj/Alch/Air  22%        N/A       7%          3
 Vhi's Electric Charge    Tloc/Air       54%        N/A       13%         4
 Dazzling Flash           Conj/Hex       22%        N/A       17%         3
 Frozen Ramparts          Ice            22%        1d4       17%         3
 Hailstorm                Conj/Ice       11%        3d6       17%         3
 Ozocubu's Armour         Ice            11%        N/A       17%         3
 Tukima's Dance           Hex            11%        N/A       17%         3
 Arcjolt                  Conj/Air       13%        1d23      36%         5
 Silence                  Hex/Air        13%        N/A       36%         5
 Iskenderun's Mystic Bla  Conj/Tloc      11%        2d4       50%         4
 Leda's Liquefaction      Alch/Erth      5%         N/A       50%         4
 Manifold Assault         Tloc           11%        N/A       50%         4
 Lee's Rapid Deconstruct  Erth           5%         3d6*      83%         5
 Bombard                  Conj/Erth      5%         9d2       100%        6
 Sculpt Simulacrum        Ice/Alch       5%         N/A       100%        6
 Spellforged Servitor     Conj/Summ      17%        N/A       99%         7
 Ozocubu's Refrigeration  Ice            5%         4d8       100%        7
 Maxwell's Capacitive Co  Air            21%        ∞         100%        8
 Chain Lightning          Conj/Air       13%        3d18      100%        9
 Fire Storm               Conj/Fire      11%        8d3       100%        9
 Polar Vortex             Ice            5%         N/A       100%        9
 Shatter                  Erth           5%         3d8*      100%        9
 Dimensional Bullseye     Hex/Tloc       Unusable   N/A       N/A         4

Dungeon Overview and Level Annotations

Branches:
Dungeon (12/15)            Temple (0/1) D:7            Lair (5/5) D:9
 Shoals (0/4) Lair:2        Snake (0/4) Lair:3        Slime (0/5) Lair:4
    Orc (0/2) D:10          Sewer (visited)

Altars:
Ashenzari
Cheibriados
Elyvilon
Fedhas
Kikubaaqudgha
Makhleb
Okawaru
Qazlal
Sif Muna
Vehumet
Yredelemnul
Zin
Lugonu

Shops:
D:6 =


Innate Abilities, Weirdness & Mutations

You have sharp claws.
You have razor-sharp teeth.
You have supernaturally acute eyesight. (SInv)
Your thick and shaggy fur keeps you warm. (AC +3, rC+)
Your paws help you pounce on unaware monsters.
You are incapable of wielding weapons or throwing items.
You cannot wear armour.
You gain extra lives every three experience levels.


Message History

Your water moccasin zombie barely misses the wyvern.
The wyvern bites your blazeheart golem.
Your blazeheart golem falls apart and the last of its fire goes out.
The dream sheep headbutts your cane toad zombie but does no damage.
Your bullfrog zombie hits the wyvern but does no damage.
The wyvern bites your dream sheep zombie!!
Your dream sheep zombie headbutts the wyvern.
Your dream sheep zombie headbutts the wyvern but does no damage.
Your wyvern zombie bites the wyvern!
Casting: Summon Blazeheart Golem (dangerous; 2% risk of failure)
Confirm with . or Enter, or press ? or * to list all spells.
An electric hum fills the air.
The wyvern bites your dream sheep zombie!
Your water moccasin zombie barely misses the wyvern.
The water moccasin barely misses your komodo dragon zombie.
Your wyvern zombie bites the wyvern!
The dream sheep shake their wool and sparkle.
You feel drowsy...
You fall asleep.
The dream sheep headbutts your komodo dragon zombie.
Your cane toad zombie hits the dream sheep!
The dream sheep headbutts your cane toad zombie!
The wyvern bites your dream sheep zombie!
Your dream sheep zombie closely misses the wyvern.
The wyvern bites your water moccasin zombie!
Your water moccasin zombie bites the dream sheep.
The dream sheep dies!
Kikubaaqudgha accepts your kill.
The dead are walking!
Your dream sheep zombie headbutts the dream sheep!
Your bullfrog zombie hits the wyvern.
The water moccasin bites something!
Your wyvern zombie bites the wyvern!
The wyvern dies!
Kikubaaqudgha accepts your kill.
The dream sheep headbutts something.
Your water moccasin zombie bites the wyvern.
Your bullfrog zombie barely misses the dream sheep.
The water moccasin bites something!
The dream sheep headbutts you!!
You die...
Kikubaaqudgha rasps: "You have failed me!
Welcome... death!"

#....Z..........#
##...§.§.........
#...§§§S.........
#...§ZZY.........
##.§.§ZZZZ.......P
#...§...ZY........
##§....§Z§........
#......Yk.....#..
#P..##.@.....#...
##.. #8........[.
##..............
P....####P.....
#....P# ##..(~
#....# #... #.....
##....


You could see a water moccasin (distracted, ally target), a wyvern (ally
target), 3 dream sheep, a friendly lightning spire (summoned), 2 friendly water
moccasin zombies, a friendly bullfrog zombie, a friendly wyvern zombie and 3
friendly dream sheep zombies.

Vanquished Creatures
  2 hydras
  Erica (D:11)
  A boulder beetle (Lair:1)
  2 two-headed ogres
  Maurice (D:11)
  2 cyclopes
  An elephant (Lair:1)
  A black mamba (Lair:3)
  2 cane toads (Lair:4)
  A rime drake (Lair:4)
  A komodo dragon (Lair:5)
  2 trolls
  3 polar bears
  A hornet (D:8)
  2 slime creatures (D:12)
  2 wyverns
  A shadow (D:10)
  15 yaks
  3 basilisks
  2 vampire mosquitoes
  An acid dragon (D:11)
  A cane toad zombie (Lair:1)
  2 water moccasins
  3 orc warriors
  An ogre (D:5)
  A black bear (D:5)
  A komodo dragon zombie (Lair:5)
  A phantom (D:5)
  A kobold brigand (D:9)
  A rime drake zombie (Lair:4)
  2 bullfrogs
  3 water moccasin zombies
  A yak zombie (Lair:4)
  3 killer bees
  A howler monkey (D:5)
  A nameless horror (D:10)
  An electric eel (D:7)
  2 hounds (D:5)
  An orc priest (D:10)
  2 iguanas (D:5)
  A kobold zombie (D:10)
  An adder (D:3)
  An orc zombie (D:11)
  3 orcs
  3 ball pythons
  4 bats
  3 endoplasms
  6 goblins
  A hobgoblin (D:3)
  4 jackals
  2 quokkas
  2 frilled lizards
  A kobold (D:10)
  3 rats
111 creatures vanquished.

Vanquished Creatures (collateral kills)
  A hydra (Lair:4)
  A boulder beetle (D:11)
  A spriggan (Lair:3)
  2 skysharks
  Amaemon (Lair:2)
  3 harpies (Lair:2)
  3 elephants (Lair:1)
  2 black mambas
  A torpor snail (Lair:3)
  4 cane toads
  An orange demon (Lair:2)
  An unseen horror (D:11)
  A rime drake (Lair:4)
  6 komodo dragons
  Psyche (D:11)
  A hornet (Lair:3)
  A troll (D:11)
  17 blink frogs
  4 dream sheep (Lair:5)
  A slime creature (D:12)
  A shadow (D:10)
  10 wyverns
  8 yaks
  3 basilisks
  3 vampire mosquitoes
  A naga (Lair:3)
  14 water moccasins
  5 black bears
  An ogre (D:5)
  A centaur (D:4)
  A nameless horror (D:8)
  3 kobold brigands
  A weeping skull (D:4)
  13 bullfrogs
  7 scorpions
  3 gnoll sergeants
  14 killer bees
  4 howler monkeys
  3 hounds
  A jelly (D:7)
  3 orc priests
  2 sleepcaps
  2 iguanas
  3 orc wizards
  7 gnolls
  2 river rats (Sewer)
  8 adders
  2 shadow imps
  2 ufetubi (D:6)
  3 dart slugs
  13 orcs
  5 bats
  5 endoplasms
  11 giant cockroaches
  4 hobgoblins
  7 jackals
  5 quokkas
  9 ball pythons
  6 frilled lizards
  9 goblins
  16 kobolds
  9 rats
  A spectral orc (D:4)
284 creatures vanquished.

Vanquished Creatures (others)
  4 cane toads
  2 komodo dragons (Lair:5)
  A rime drake (Lair:5)
  A harpy zombie (Lair:2)
  A yak (Lair:4)
  A black mamba zombie (Lair:3)
  A two-headed ogre zombie (D:11)
  2 water moccasins (Lair:5)
  2 cane toad zombies
  A black bear (Lair:5)
  A dream sheep zombie (Lair:5)
  2 blink frog zombies
  A rime drake zombie (Lair:5)
  2 bullfrogs (Lair:5)
  A komodo dragon zombie (Lair:5)
  A cyclops zombie (D:12)
  A wyvern zombie (Lair:2)
  3 water moccasin zombies
  6 yak zombies
  3 bullfrog zombies
  A black bear zombie (Lair:5)
  4 basilisk zombies
  An orc wizard (D:10)
  A gnoll zombie (D:11)
  A kobold zombie (D:10)
  5 orc zombies
  52 blazeheart cores
102 creatures vanquished.

Grand Total: 497 creatures vanquished

Notes
Turn   | Place    | Note
-------+----------+-------------------------------------------
     0 | D:1      | croobank the Felid Summoner began the quest for the Orb.
     0 | D:1      | Reached XP level 1. HP: 9/9 MP: 4/4
   321 | D:1      | Reached XP level 2. HP: 14/14 MP: 3/6
   324 | D:1      | Learned a level 2 spell: Call Imp
   845 | D:1      | Reached XP level 3. HP: 5/17 MP: 1/7
   904 | D:1      | Learned a level 3 spell: Call Canine Familiar
  1458 | D:2      | Reached skill level 1 in Fighting
  1785 | D:2      | Reached XP level 4. HP: 22/22 MP: 9/9
  1785 | D:2      | Gained a life (2 lives remaining)
  2387 | D:3      | Found a burning altar of Makhleb.
  2926 | D:3      | Found a glowing drain.
  2983 | Sewer    | Entered a sewer
  3067 | Sewer    | Reached XP level 5. HP: 25/25 MP: 4/10
  3081 | Sewer    | Learned a level 4 spell: Summon Blazeheart Golem
  4196 | D:3      | Found a snail-covered altar of Cheibriados.
  4208 | D:3      | Found a stormy altar of Qazlal.
  4475 | D:3      | Found an iron altar of Okawaru.
  4507 | D:3      | Found a radiant altar of Vehumet.
  5068 | D:4      | Reached skill level 5 in Summonings
  5413 | D:4      | Gained mutation: You are covered in thick fur. (AC +2)
                  | [Felid growth]
  5413 | D:4      | Reached XP level 6. HP: 30/30 MP: 12/12
  5421 | D:4      | Found a basalt altar of Yredelemnul.
  5470 | D:4      | Reached skill level 1 in Fire Magic
  5577 | D:5      | Entered Level 5 of the Dungeon
  5676 | D:5      | Reached XP level 7. HP: 5/35 MP: 14/14
  6463 | D:5      | Reached skill level 5 in Stealth
  6501 | D:5      | Noticed a troll
  6512 | D:5      | Reached skill level 5 in Dodging
  6512 | D:5      | Reached XP level 8. HP: 40/40 MP: 14/15
  6527 | D:5      | Killed a troll
  6540 | D:5      | Reached skill level 5 in Spellcasting
  6964 | D:5      | Found an ancient bone altar of Kikubaaqudgha.
  6983 | D:5      | Learned a level 4 spell: Summon Lightning Spire
  7057 | D:5      | Became a worshipper of Kikubaaqudgha
  7321 | D:6      | Found Xustrogru's Jewellery Emporium.
  7346 | D:6      | Bought a ring of poison resistance for 280 gold pieces
  7394 | D:6      | Reached skill level 1 in Air Magic
  7757 | D:6      | Reached XP level 9. HP: 45/45 MP: 18/18
  9279 | D:7      | Found a staircase to the Ecumenical Temple.
  9294 | D:7      | Noticed a cyclops
  9307 | D:7      | Killed a cyclops
  9334 | D:7      | Found a glowing silver altar of Zin.
  9335 | D:7      | Noticed an angel
  9639 | D:8      | Reached * piety under Kikubaaqudgha
  9639 | D:8      | Received a gift from Kikubaaqudgha
  9645 | D:8      | Learned a level 4 spell: Animate Dead
  9766 | D:8      | Noticed a two-headed ogre
  9782 | D:8      | Killed a two-headed ogre
  9783 | D:8      | Reached XP level 10. HP: 51/51 MP: 20/20
  9976 | D:8      | Found a blossoming altar of Fedhas.
 10226 | D:8      | Identified a scroll of acquirement
 10226 | D:8      | Acquired 995 gold pieces
 10539 | D:6      | Bought the ring "Meconi Pyost" {rN+ Will+} for 506 gold
                  | pieces
 10539 | D:6      | Bought a ring of protection from cold for 350 gold pieces
 10720 | D:9      | Reached skill level 1 in Necromancy
 10754 | D:9      | Reached skill level 5 in Fighting
 10868 | D:9      | Reached skill level 5 in Fire Magic
 10869 | D:9      | Reached ** piety under Kikubaaqudgha
 10985 | D:9      | Found a staircase to the Lair.
 11266 | D:10     | Entered Level 10 of the Dungeon
 11512 | D:10     | Found a broken altar of Ashenzari.
 11648 | D:10     | Found a staircase to the Orcish Mines.
 11924 | D:10     | Reached XP level 11. HP: 31/56 MP: 11/23
 12167 | D:10     | Found a white marble altar of Elyvilon.
 12553 | D:11     | Noticed Erica
 12575 | D:11     | HP: 2/56 [killer bee (6)]
 12585 | D:11     | Noticed a two-headed ogre
 12589 | D:11     | Killed Erica
 12977 | D:11     | Killed a two-headed ogre
 13014 | D:11     | HP: 1/56 [gnoll sergeant/+0 spear (15)]
 13325 | D:11     | Noticed Psyche
 13328 | D:11     | Killed Psyche
 13620 | D:11     | Noticed a boulder beetle
 13636 | D:11     | Killed a boulder beetle
 13802 | D:11     | Noticed Maurice
 13819 | D:11     | Killed Maurice
 13980 | D:11     | Found a corrupted altar of Lugonu.
 14362 | D:11     | Reached skill level 5 in Necromancy
 14362 | D:11     | Reached skill level 5 in Air Magic
 14708 | D:12     | HP: 2/56 [large slime creature (34)]
 14977 | Lair:1   | Entered Level 1 of the Lair of Beasts
 14981 | Lair:1   | You fall into a shaft and drop 1 floor!
 14987 | Lair:2   | Slain by a blink frog
 14987 | Lair:2   | Lost a life (1 life remaining)
 15010 | Lair:2   | Noticed Amaemon
 15025 | Lair:2   | Killed Amaemon
 15029 | Lair:2   | Reached *** piety under Kikubaaqudgha
 15029 | Lair:2   | Received a gift from Kikubaaqudgha
 15058 | Lair:2   | Reached skill level 10 in Summonings
 15058 | Lair:2   | Gained mutation: Your thick and shaggy fur keeps you warm.
                  | (AC +3, rC+) [Felid growth]
 15058 | Lair:2   | Reached XP level 12. HP: 17/62 MP: 15/25
 15058 | Lair:2   | Gained a life (2 lives remaining)
 15869 | Lair:1   | Noticed a boulder beetle
 15896 | Lair:1   | Killed a boulder beetle
 16274 | Lair:1   | Reached skill level 10 in Stealth
 16368 | Lair:1   | Engulfed by a cloud of flame
 16368 | Lair:1   | Lost a life (1 life remaining)
 16720 | Lair:2   | Got the Vellum of Leadership
 16846 | Lair:2   | Found a staircase to the Shoals.
 17001 | Lair:2   | Reached skill level 10 in Dodging
 17126 | Lair:2   | Identified the +1 leather armour of Feasting {Str+3}
 17328 | Lair:3   | Noticed a six-headed hydra
 17346 | Lair:3   | Killed a six-headed hydra
 17594 | Lair:3   | Reached skill level 10 in Spellcasting
 17599 | Lair:3   | Learned a level 4 spell: Anguish
 17604 | Lair:3   | Learned a level 4 spell: Martyr's Knell
 18106 | Lair:3   | Reached XP level 13. HP: 68/68 MP: 25/28
 18106 | Lair:3   | Gained a life (2 lives remaining)
 18240 | Lair:3   | Found a staircase to the Snake Pit.
 18256 | Lair:3   | Reached **** piety under Kikubaaqudgha
 19610 | Lair:4   | Reached skill level 10 in Necromancy
 20065 | Lair:4   | Found a staircase to the Slime Pits.
 20200 | Lair:5   | Entered Level 5 of the Lair of Beasts
 20269 | Lair:5   | Found a shimmering blue altar of Sif Muna.
 20291 | Lair:5   | HP: 1/70 [spore (29)]
 20292 | Lair:5   | Slain by a skyshark
 20292 | Lair:5   | Lost a life (1 life remaining)
 20304 | Lair:5   | Slain by a skyshark
 20304 | Lair:5   | Lost a life (0 lives remaining)
 20337 | Lair:5   | Demolished by a dream sheep

Illustrated notes

Levels and vault maps discovered:
D:1:      dpeg_arrival_leaves_temple_mockup, layout_loops_corners,
          minmay_tetromino_o4
D:2:      layout_loops_cross, minmay_quantized
D:3:      layout_basic, mainiacjoe_overflow_two_lobes,
          mainiacjoe_overflow_alcove_2, mainiacjoe_overflow_big_doors,
          gup_sewer_entry_pipe, minmay_diced_spiral
D:4:      layout_basic, yredelemnul_forgotten_temple_becter,
          nrook_mini_backslash
D:5:      cheibrodos_barr_body, layout_gridville, kennysheep_little_box,
          nicolae_sextant, grunt_ministairs_6, corexii_checkpoint
D:6:      layout_layer_cave, serial_shops, shop
D:7:      layout_loops_cross, zin_angel, minmay_temple_entry_from_below_a,
          serial_bayou_pond_b
D:8:      layout_rooms, mainiacjoe_overflow_brackets
D:9:      layout_cave_pools, due_lair_maze_entry_diamond, minivault_21
D:10:     layout_stronghold, nicolae_elyvilon_peaceful_grove,
          amcnicky_altar_gilded, david_orc_3
D:11:     layout_loops_cross, grunt_ministairs_13, marbit_kobold_abyssish,
          uniq_psyche, uniq_maurice, uniq_erica
D:12:     layout_basic, nicolae_vehumet_altar_sigil
Lair:1:   layout_roguey
Lair:2:   layout_hall_layers, nicolae_shoals_entry_roost, uniq_amaemon
Lair:3:   layout_regular_city, guppyfry_snake_entry_island,
          grunt_forest_large_clearings, infiniplex_staircase_pool_2,
          grunt_megastairs_4
Lair:4:   layout_regular_city, dpeg_slime_entry_enclosed, grunt_megastairs_1,
          lemuel_fruit_tree
Lair:5:   gammafunk_lair_ancient_temple, layout_cave_pods, basic_altar,
          minivault_25

Skill      XL: |  1  2  3  4  5  6  7  8  9 10 11 12 13 |
---------------+----------------------------------------+-----
Stealth        | 3 4 5 6 7 8 9 10 | 10.0
Dodging        | 3 4 5 6 7 8 10 | 10.0
Fighting       | 1 2 3 4 5 6 7 8 |  8.9
Spellcasting   | 3 4 5 6 7 8 10 | 10.0
Summonings     | 5 6 7 8 10 | 10.0
Fire Magic     | 2 3 4 5 |  5.0
Air Magic      | 1 3 4 5 6 7 |  7.0
Necromancy     | 3 5 8 10 | 10.4

Action                     |  1- 3 |  4- 6 |  7- 9 | 10-12 | 13-15 || total
---------------------------+-------+-------+-------+-------+-------++-------
  Melee: Unarmed           |    34 |    54 |    18 |   114 |    16 ||   236
         Bite              |     2 |     4 |     2 |    20 |     6 ||    34
         Punch             |       |     1 |       |       |       ||     1
   Cast: Summon Small Mamm |    25 |    33 |    26 |    24 |     1 ||   109
         Call Imp          |    13 |    19 |    24 |    26 |     2 ||    84
         Call Canine Famil |     6 |    21 |    12 |    33 |     7 ||    79
         Summon Blazeheart |       |       |    22 |    51 |    17 ||    90
         Summon Lightning  |       |       |     5 |    53 |    11 ||    69
         Animate Dead      |       |       |       |    21 |     8 ||    29
         Anguish           |       |       |       |     3 |     9 ||    12
         Martyr's Knell    |       |       |       |     2 |     8 ||    10
 Invoke: Unearth Wretches  |       |       |       |       |     4 ||     4
  Evoke: Wand              |       |     2 |     3 |     2 |       ||     7
    Use: Scroll            |       |       |       |    27 |     4 ||    31
         Potion            |       |       |       |    10 |     1 ||    11
   Stab: Sleeping          |     4 |    10 |     2 |     1 |     1 ||    18
         Distracted        |     1 |     1 |       |     4 |       ||     6
         Paralysed         |       |       |       |     2 |     2 ||     4
 Armour: Skin              |    14 |    24 |    32 |   108 |    45 ||   223
  Dodge: Dodged            |    57 |    61 |    69 |   261 |    85 ||   533

Table legend: (Time is in decaauts)
 A = Elapsed time spent in this place.
 B = Non-inter-level travel time spent in this place.
 C = Inter-level travel time spent in this place.
 D = Time resting spent in this place.
 E = Time spent auto-exploring this place.
 F = Levels seen in this place.
 G = Mean time per level.
                   A        B        C        D        E       F      G
               +--------+--------+--------+--------+--------+-----+--------+
         Total |  20391 |  19761 |    630 |   3915 |  11931 |  18 | 1132.8 |
       Dungeon |  14100 |  13539 |    561 |   2878 |   8159 |  12 | 1175.0 |
          Lair |   5367 |   5299 |     68 |    689 |   3431 |   5 | 1073.4 |
         Sewer |    923 |    923 |      0 |    348 |    340 |   1 |  923.0 |
               +--------+--------+--------+--------+--------+-----+--------+

Top non-repeatable levels by time:
    D:11: 1955 daAuts
     D:5: 1732 daAuts
  Lair:3: 1692 daAuts
     D:3: 1581 daAuts
    D:10: 1552 daAuts
     D:1: 1436 daAuts
  Lair:2: 1377 daAuts
     D:6: 1370 daAuts
  Lair:4: 1189 daAuts
     D:7: 1015 daAuts
  Lair:1: 974 daAuts
     D:2: 942 daAuts
     D:8: 935 daAuts
   Sewer: 923 daAuts
     D:4: 735 daAuts
